[Event "21st Open Gran Hotel Bali-B 2024"]
[Site "Benidorm"]
[Date "2024.11.30"]
[Round "2.1"]
[White "Mancebo Ibanez, Fernando"]
[Black "Tusu, Nicolae-Dan"]
[Result "1-0"]
[ECO "A52"]
[WhiteElo "1999"]
[BlackElo "1891"]
[Annotator "NA RC"]
[PlyCount "89"]
[EventDate "2024.11.26"]
[EventType "swiss"]
[EventCountry "ESP"]
[SourceTitle "playchess.com"]
[Source "ChessBase"]
[SourceQuality "1"]
[TimeControl "5400+30"]

1. d4 Nf6 2. c4 e5 3. dxe5 Ng4 4. Bf4 Bb4+ 5. Nc3 Nc6 6. Nf3 Qe7 7. Qd5 Bxc3+ 8. bxc3 Qa3 9. Rc1 f6 10. exf6 Nxf6 11. Qd1 d6 12. Qb3 Qa5 13. g3 Ne4 14. Be3 O-O 15. Bg2 Qh5 16. O-O Kh8 17. Rfd1 Rb8 18. Qb5 Qf7 19. Nd4 Nxd4 20. cxd4 Nf6 21. d5 a6 22. Qb2 Bf5 23. Ba7 Ra8 24. Bd4 Ne4 25. f3 Nc5 26. e4 Bc8 27. Bxc5 dxc5 28. e5 Rb8 29. e6 Qe7 30. f4 b5 31. Be4 Bb7 32. Qe5 Rf6 33. f5 Rd8 34. Qf4 g6 35. g4 gxf5 36. Bxf5 bxc4 37. Qe5 Qg7 38. Rxc4 Rg8 39. Rxc5 Rxf5 40. Qxf5 Rf8 41. Rxc7 Rxf5 42. Rxg7 Rxd5 43. Rxd5 Bxd5 44. e7 Bc6 45. Rf7 1-0

[Event "21st Open Gran Hotel Bali-B 2024"]
[Site "Benidorm"]
[Date "2024.11.30"]
[Round "2.2"]
[White "Garcia-Ballesteros Banos, Juan A"]
[Black "Robledo Sanchez, Saul"]
[Result "0-1"]
[ECO "D02"]
[WhiteElo "1893"]
[BlackElo "1996"]
[Annotator "NA RC"]
[PlyCount "110"]
[EventDate "2024.11.26"]
[EventType "swiss"]
[EventCountry "ESP"]
[SourceTitle "playchess.com"]
[Source "ChessBase"]
[SourceQuality "1"]
[TimeControl "5400+30"]

1. d4 d5 2. Bf4 Nf6 3. e3 c5 4. c3 Nc6 5. Nf3 Bg4 6. Be2 e6 7. Nbd2 Be7 8. Ne5 Bxe2 9. Qxe2 Qb6 10. Rb1 h6 11. Bg3 Nxe5 12. Bxe5 O-O 13. h4 Nd7 14. Bf4 Bd6 15. Qg4 Bxf4 16. Qxf4 Rae8 17. Nf3 cxd4 18. Qxd4 Qb5 19. a4 Qa6 20. Qb4 Rc8 21. Nd4 Nc5 22. Qb5 Qxa4 23. Qxa4 Nxa4 24. f4 a6 25. Kd2 Nc5 26. Rhg1 Rfe8 27. g4 Ne4+ 28. Kd3 Nd6 29. g5 h5 30. Nf3 g6 31. Ra1 Re7 32. Ra4 Rcc7 33. Rga1 Nc4 34. Rb4 e5 35. fxe5 Nxe5+ 36. Nxe5 Rxe5 37. Rf4 Rce7 38. Kd4 Rxe3 39. Kxd5 Rd7+ 40. Kc4 Re2 41. b3 Re3 42. Kb4 Kg7 43. Raf1 Re6 44. R1f3 Rb6+ 45. Ka4 Kg8 46. Ka3 Rbd6 47. Kb4 Re6 48. Rf2 Rde7 49. c4 Rb6+ 50. Kc3 Rbe6 51. Kd4 Rd7+ 52. Kc3 Rc7 53. Kd4 Rd6+ 54. Ke5 Rd3 55. R2f3 Re7+ 0-1

[Event "21st Open Gran Hotel Bali-B 2024"]
[Site "Benidorm"]
[Date "2024.11.30"]
[Round "2.3"]
[White "Bukharkov, Stepan"]
[Black "San Juan Morigosa, Isaura"]
[Result "1-0"]
[ECO "E62"]
[WhiteElo "1991"]
[BlackElo "1888"]
[Annotator "NA RC"]
[PlyCount "77"]
[EventDate "2024.11.26"]
[EventType "swiss"]
[EventCountry "ESP"]
[SourceTitle "playchess.com"]
[Source "ChessBase"]
[SourceQuality "1"]
[TimeControl "5400+30"]

1. Nf3 Nf6 2. c4 g6 3. g3 Bg7 4. Bg2 O-O 5. O-O d6 6. Nc3 c6 7. d4 Qc7 8. b3 a5 9. Bb2 Na6 10. e4 e5 11. d5 Rb8 12. Qe2 Bg4 13. h3 Bxf3 14. Bxf3 Nd7 15. Rad1 Ndc5 16. Qc2 f5 17. a3 f4 18. Kg2 g5 19. Rb1 Rf6 20. Bc1 Rbf8 21. b4 Nd7 22. dxc6 bxc6 23. b5 Nab8 24. bxc6 Qxc6 25. Nd5 R6f7 26. Bh5 f3+ 27. Kh2 h6 28. Be3 Na6 29. Bxf7+ Rxf7 30. Qb3 a4 31. Qb5 Qxb5 32. cxb5 Nac5 33. b6 Nb7 34. Rfc1 Ndc5 35. Bxc5 dxc5 36. Rc4 Bf8 37. Rxa4 Bd6 38. Ra7 Kg7 39. a4 1-0

[Event "21st Open Gran Hotel Bali-B 2024"]
[Site "Benidorm"]
[Date "2024.11.30"]
[Round "2.4"]
[White "Ferro Martinez, Damian"]
[Black "Navarro Rico, Lluis"]
[Result "1-0"]
[ECO "A13"]
[WhiteElo "1890"]
[BlackElo "1989"]
[Annotator "NA RC"]
[PlyCount "61"]
[EventDate "2024.11.26"]
[EventType "swiss"]
[EventCountry "ESP"]
[SourceTitle "playchess.com"]
[Source "ChessBase"]
[SourceQuality "1"]
[TimeControl "5400+30"]

1. c4 Nf6 2. Nf3 e6 3. g3 d5 4. Bg2 dxc4 5. Qa4+ Bd7 6. Qxc4 Bc6 7. O-O Be7 8. Nc3 O-O 9. d4 a6 10. Bf4 b5 11. Qb3 Nh5 12. Be3 Nf6 13. a4 b4 14. Na2 Bd5 15. Qd3 Be4 16. Qc4 Nd5 17. a5 Nxe3 18. fxe3 Nc6 19. Nc1 Rb8 20. Bh3 Rb5 21. Nb3 Bg5 22. Nxg5 Qxg5 23. Rf4 Bd5 24. Qd3 Bxb3 25. Qxb3 Nxa5 26. Qc2 c5 27. Raf1 b3 28. Qc1 Qe7 29. Qc3 c4 30. Ra1 Rfb8 31. Rxa5 1-0

[Event "21st Open Gran Hotel Bali-B 2024"]
[Site "Benidorm"]
[Date "2024.11.30"]
[Round "2.5"]
[White "Rojas Fernandez, Andres"]
[Black "Banegas Gomez, Ricardo"]
[Result "0-1"]
[ECO "A43"]
[WhiteElo "1886"]
[BlackElo "1984"]
[Annotator "NA RC"]
[PlyCount "128"]
[EventDate "2024.11.26"]
[EventType "swiss"]
[EventCountry "ESP"]
[SourceTitle "playchess.com"]
[Source "ChessBase"]
[SourceQuality "1"]
[TimeControl "5400+30"]

1. d4 c5 2. d5 Nf6 3. Nc3 g6 4. e4 d6 5. Nf3 Bg7 6. Bd3 O-O 7. O-O Na6 8. Bd2 Rb8 9. Re1 Nc7 10. a4 e6 11. dxe6 Nxe6 12. Bc4 a6 13. Qe2 Nd4 14. Qd3 Ng4 15. Bg5 Nxf3+ 16. gxf3 Qxg5 17. fxg4 Qxg4+ 18. Qg3 Bxc3 19. bxc3 Qxg3+ 20. hxg3 Be6 21. Bxe6 fxe6 22. Red1 Rbd8 23. Rab1 Rd7 24. Rb6 Rf3 25. Rbxd6 Rxd6 26. Rxd6 Rxc3 27. Rxe6 Rxc2 28. Rb6 Rc4 29. Rxb7 Rxa4 30. Rc7 c4 31. Kf1 Rb4 32. Ra7 c3 33. Ke2 Rxe4+ 34. Kd3 Rc4 35. Kc2 Rc6 36. Rb7 g5 37. Rd7 h6 38. Re7 Kf8 39. Rd7 Ke8 40. Rh7 Kd8 41. f4 gxf4 42. gxf4 a5 43. Ra7 Rc5 44. Rh7 h5 45. Ra7 Ke8 46. Rb7 Kf8 47. Rd7 Kg8 48. Re7 h4 49. Re3 Rc4 50. Rh3 Rxf4 51. Kxc3 Kg7 52. Kd2 Kg6 53. Ra3 a4 54. Rc3 Kg5 55. Rc8 Kg4 56. Ke3 Rb4 57. Rg8+ Kh3 58. Ra8 Kg3 59. Rg8+ Rg4 60. Rf8 h3 61. Rf3+ Kg2 62. Rf2+ Kg1 63. Rc2 h2 64. Rc1+ Kg2 0-1

[Event "21st Open Gran Hotel Bali-B 2024"]
[Site "Benidorm"]
[Date "2024.11.30"]
[Round "2.6"]
[White "Bendriss, Hatim"]
[Black "Gyldenas, Ole Jorn"]
[Result "1/2-1/2"]
[ECO "D00"]
[WhiteElo "1984"]
[BlackElo "1885"]
[Annotator "NA RC"]
[PlyCount "90"]
[EventDate "2024.11.26"]
[EventType "swiss"]
[EventCountry "ESP"]
[SourceTitle "playchess.com"]
[Source "ChessBase"]
[SourceQuality "1"]
[TimeControl "5400+30"]

1. d4 Nf6 2. Bg5 d5 3. Bxf6 exf6 4. e3 Bd6 5. Bd3 c6 6. c3 f5 7. Nf3 f4 8. e4 dxe4 9. Bxe4 O-O 10. O-O Nd7 11. Nbd2 Nf6 12. Bd3 Bg4 13. Qc2 Bxf3 14. Nxf3 Qc7 15. c4 c5 16. d5 Rfe8 17. Rfd1 Rad8 18. Rac1 g6 19. a3 Ng4 20. b4 b6 21. Qb3 Ne5 22. Ne1 Qe7 23. b5 Qg5 24. Be2 h5 25. a4 Ng4 26. Nf3 Qf6 27. Bf1 g5 28. Re1 Rxe1 29. Rxe1 Nxf2 30. Kxf2 g4 31. Kg1 gxf3 32. Qxf3 h4 33. Bd3 Kf8 34. Kf1 Re8 35. Rxe8+ Kxe8 36. Qe4+ Qe5 37. h3 Qxe4 38. Bxe4 Ke7 39. Kf2 Kf6 40. Kf3 Kg5 41. Bh7 f5 42. Bg8 Be5 43. Ke2 Bd6 44. Be6 Be5 45. a5 Bd6 1/2-1/2

[Event "21st Open Gran Hotel Bali-B 2024"]
[Site "Benidorm"]
[Date "2024.11.30"]
[Round "2.7"]
[White "Burriel Ureta, Raul"]
[Black "Donate Villalba, Juan Francisco"]
[Result "1/2-1/2"]
[ECO "C63"]
[WhiteElo "1881"]
[BlackElo "1984"]
[Annotator "NA RC"]
[PlyCount "38"]
[EventDate "2024.11.26"]
[EventType "swiss"]
[EventCountry "ESP"]
[SourceTitle "playchess.com"]
[Source "ChessBase"]
[SourceQuality "1"]
[TimeControl "5400+30"]

1. e4 e5 2. Nf3 Nc6 3. Bb5 f5 4. Nc3 fxe4 5. Nxe4 d5 6. Nxe5 dxe4 7. Nxc6 Qg5 8. Qe2 Nf6 9. f4 Qxf4 10. Rf1 Qxh2 11. Nxa7+ Bd7 12. Bxd7+ Kxd7 13. Qb5+ Kd8 14. Qxb7 Qh4+ 15. Ke2 Qh5+ 16. Ke1 Qh4+ 17. Ke2 Qh5+ 18. Ke1 Qh4+ 19. Kd1 Qh5+ 1/2-1/2

[Event "21st Open Gran Hotel Bali-B 2024"]
[Site "Benidorm"]
[Date "2024.11.30"]
[Round "2.8"]
[White "Westerweele, Henrik"]
[Black "Slettum, Karl Anker"]
[Result "1-0"]
[ECO "C50"]
[WhiteElo "1983"]
[BlackElo "1882"]
[Annotator "NA RC"]
[PlyCount "95"]
[EventDate "2024.11.26"]
[EventType "swiss"]
[EventCountry "ESP"]
[SourceTitle "playchess.com"]
[Source "ChessBase"]
[SourceQuality "1"]
[TimeControl "5400+30"]

1. e4 e5 2. Nf3 Nc6 3. Bc4 Nf6 4. d3 Bc5 5. a4 d5 6. exd5 Nxd5 7. O-O Bg4 8. c3 O-O 9. Nbd2 Nf6 10. a5 a6 11. Re1 Re8 12. Qb3 Qd7 13. Ng5 Bh5 14. Nge4 Nxe4 15. Nxe4 Ba7 16. Be3 Bxe3 17. Rxe3 Kh8 18. Nc5 Qf5 19. Qxb7 Ne7 20. Qxc7 f6 21. Qd7 Rac8 22. Be6 Qg5 23. Ne4 Qg6 24. Nd6 Rcd8 25. Qc7 Rxd6 26. Qxd6 Nf5 27. Bxf5 Qxf5 28. Qxa6 Qd7 29. Qc4 f5 30. Qa4 Qa7 31. Rae1 e4 32. dxe4 f4 33. Rd3 Rf8 34. Qb4 Qf7 35. f3 Re8 36. Red1 h6 37. Rd8 Kh7 38. Rxe8 Qxe8 39. Qc5 Qa4 40. Rd2 Bg6 41. Qa3 Qb5 42. a6 Qb6+ 43. Rd4 Qa7 44. Qd6 h5 45. b4 Qf7 46. Qd5 Qc7 47. Qc5 Qf7 48. Rd5 1-0

[Event "21st Open Gran Hotel Bali-B 2024"]
[Site "Benidorm"]
[Date "2024.11.30"]
[Round "2.9"]
[White "Agudo Tena, Angel"]
[Black "Paya Prats, Damian"]
[Result "1/2-1/2"]
[ECO "A41"]
[WhiteElo "1880"]
[BlackElo "1982"]
[Annotator "NA RC"]
[PlyCount "108"]
[EventDate "2024.11.26"]
[EventType "swiss"]
[EventCountry "ESP"]
[SourceTitle "playchess.com"]
[Source "ChessBase"]
[SourceQuality "1"]
[TimeControl "5400+30"]

1. d4 g6 2. Bf4 Bg7 3. c3 d6 4. Nf3 Nd7 5. e3 c5 6. Bc4 Nb6 7. Bxf7+ Kxf7 8. dxc5 h6 9. cxb6 Qxb6 10. Qb3+ Qxb3 11. axb3 g5 12. Bg3 Nf6 13. Nbd2 Nh5 14. Nc4 Nxg3 15. hxg3 Bd7 16. O-O b5 17. Ncd2 b4 18. Rac1 Rhc8 19. Nd4 e5 20. Ne2 a5 21. Nc4 Ra6 22. Rfd1 Ke7 23. Ra1 Rca8 24. Rd2 Be6 25. e4 a4 26. Rad1 axb3 27. Nxd6 Ra1 28. cxb4 Rxd1+ 29. Rxd1 Rd8 30. Nf5+ Bxf5 31. Rxd8 Kxd8 32. exf5 e4 33. Nc1 Bxb2 34. Nxb3 Kc7 35. Nc5 Kd6 36. f6 Ba3 37. Nxe4+ Ke5 38. f3 Bxb4 39. Kf2 Ba5 40. Ke3 Bb6+ 41. Kd3 Ke6 42. Kc4 Ba7 43. Kb5 Bd4 44. Kc4 Ba7 45. g4 Be3 46. g3 Bg1 47. f4 Bb6 48. f5+ Kf7 49. Kd5 Bc7 50. Kc6 Be5 51. Kd5 Bb8 52. Nc5 Bxg3 53. Nd7 Bc7 54. Ke4 Bd8 1/2-1/2

[Event "21st Open Gran Hotel Bali-B 2024"]
[Site "Benidorm"]
[Date "2024.11.30"]
[Round "2.10"]
[White "Visoescu, Alexandru-Bogdan"]
[Black "Kvendseth, Thyra"]
[Result "0-1"]
[ECO "E04"]
[WhiteElo "1878"]
[BlackElo "1975"]
[Annotator "NA RC"]
[PlyCount "62"]
[EventDate "2024.11.26"]
[EventType "swiss"]
[EventCountry "ESP"]
[SourceTitle "playchess.com"]
[Source "ChessBase"]
[SourceQuality "1"]
[TimeControl "5400+30"]

1. d4 Nf6 2. c4 e6 3. Nf3 d5 4. g3 dxc4 5. Bg2 Bd7 6. Ne5 Bc6 7. Nxc6 Nxc6 8. Qa4 Qd7 9. Qxc4 Nxd4 10. Bxb7 Rb8 11. Bg2 Bb4+ 12. Nd2 O-O 13. e3 Nf5 14. O-O Bxd2 15. Rd1 Nd6 16. Qc2 Bxc1 17. Raxc1 Rfc8 18. e4 e5 19. f4 Qb5 20. h3 h6 21. Kh2 exf4 22. gxf4 Qh5 23. Kg1 Ndxe4 24. Bxe4 Nxe4 25. Qxe4 Re8 26. Qd3 Rxb2 27. Rxc7 Rxa2 28. Kh1 Ra3 29. Qxa3 Qxd1+ 30. Kg2 Qd2+ 31. Kf3 Qe2+ 0-1

[Event "21st Open Gran Hotel Bali-B 2024"]
[Site "Benidorm"]
[Date "2024.11.30"]
[Round "2.11"]
[White "Lloret Climent, Miguel"]
[Black "Canto Reig, Javier"]
[Result "1-0"]
[ECO "A90"]
[WhiteElo "1975"]
[BlackElo "1881"]
[Annotator "NA RC"]
[PlyCount "95"]
[EventDate "2024.11.26"]
[EventType "swiss"]
[EventCountry "ESP"]
[SourceTitle "playchess.com"]
[Source "ChessBase"]
[SourceQuality "1"]
[TimeControl "5400+30"]

1. d4 f5 2. g3 Nf6 3. Bg2 e6 4. c4 Bb4+ 5. Nd2 O-O 6. Ngf3 Ne4 7. O-O d5 8. Qc2 Nd7 9. cxd5 Nb6 10. dxe6 Nxd2 11. Bxd2 Bxd2 12. Qxd2 Bxe6 13. e3 Kh8 14. h4 c6 15. Qc2 Qe7 16. b3 Rae8 17. Rac1 Bd5 18. Qc5 Qxc5 19. Rxc5 Nd7 20. Rc3 Re7 21. Rfc1 Nf6 22. Ne5 Ne4 23. Bxe4 fxe4 24. b4 a6 25. a4 g6 26. Rb1 Rc8 27. b5 axb5 28. axb5 Rec7 29. b6 Re7 30. Ra1 Kg7 31. Ra5 Ree8 32. Ra7 Re7 33. Ra5 Ree8 34. Kg2 Red8 35. Ra7 c5 36. dxc5 Kf6 37. Ng4+ Ke6 38. Ra1 Bc6 39. Kf1 Rd2 40. Rac1 Bb5+ 41. Kg2 Be2 42. Nh2 Kd5 43. c6 bxc6 44. b7 Rf8 45. Rc5+ Kd6 46. Rxc6+ Kd7 47. Rc7+ Kd6 48. Rc8 1-0

[Event "21st Open Gran Hotel Bali-B 2024"]
[Site "Benidorm"]
[Date "2024.11.30"]
[Round "2.12"]
[White "Blondel, Jerome"]
[Black "Balloglu, Piro"]
[Result "1/2-1/2"]
[ECO "D02"]
[WhiteElo "1871"]
[BlackElo "1972"]
[Annotator "NA RC"]
[PlyCount "77"]
[EventDate "2024.11.26"]
[EventType "swiss"]
[EventCountry "ESP"]
[SourceTitle "playchess.com"]
[Source "ChessBase"]
[SourceQuality "1"]
[TimeControl "5400+30"]

1. d4 d5 2. Nf3 Nf6 3. Bf4 e6 4. e3 c5 5. c3 Nc6 6. Nbd2 Bd6 7. Bg3 O-O 8. Bd3 Qe7 9. Ne5 h6 10. f4 Bd7 11. Bh4 Bc8 12. Ng4 cxd4 13. Bxf6 gxf6 14. Nxh6+ Kg7 15. Qg4+ Kh8 16. Qh5 Kg7 17. Nxf7 f5 18. Nxd6 Qxd6 19. Qg5+ Kf7 20. Be2 Ke8 21. exd4 Ne7 22. g3 Bd7 23. Qg7 Rg8 24. Qe5 Qb6 25. b3 Rc8 26. c4 Qb4 27. Qe3 Kd8 28. a3 Qa5 29. b4 Qa4 30. c5 Nc6 31. Kf2 Qc2 32. Rhb1 Rh8 33. h4 Qa4 34. Bd1 Qa6 35. b5 Qa5 36. bxc6 Bxc6 37. Nb3 Qc7 38. Qxe6 Qg7 39. Qxf5 1/2-1/2